 Dungeon Crawl Stone Soup version 0.29-a0-1016-g236c7fd91e (webtiles) character file.

Game seed: 4696973566953874406

66015 miscthings the Severer (level 16, -15/135 HPs)
             Began as a Meteoran Fighter on Aug 9, 2022.
             Was a High Priest of the Shining One.
             Killed from afar by a deep elf annihilator (44 damage)
             ... with a crystal spear
             ... on level 3 of the Elven Halls.
             The game lasted 00:50:58 (10844 turns).

miscthings the Severer (Meteoran Fighter)          Turns: 10844, Time: 00:50:59

Health: -15/135    AC: 16    Str: 22    XL:     16   Next: 8%
Magic:  31/34      EV: 18    Int: 17    God:    the Shining One [*****.]
Gold:   1375       SH: 18    Dex: 19    Spells: 15/15 levels left

rFire   + + .      SeeInvis .   S - +4 broad axe
rCold   + . .      Faith    .   c - +0 buckler
rNeg    + + .      Spirit   .   x - +0 troll leather armour
rPois   .          Reflect  .   X - +0 helmet of Xuigotiu {Int+8}
rElec   .          Harm     .   M - +2 cloak
rCorr   .          Rampage  .   (no gloves)
Will    ++...                   o - +0 pair of boots
Stlth   +.........              y - amulet of regeneration
HPRegen 1.92/turn               U - ring of Biteriat {rF++ rC+ MP+9}
MPRegen 0.24/turn               A - +4 ring of protection

@: divinely shielded, about to teleport, glowing
A: sense surroundings 2, otherworldly, glowing, explore regen
a: Renounce Religion, Divine Shield, Cleansing Flame, Summon Divine Warrior


You were on level 3 of the Elven Halls.
You worshipped the Shining One.
The Shining One was extremely pleased with you.
You visited 5 branches of the dungeon, and saw 22 of its levels.
You also visited: Gauntlet.

You collected 1497 gold pieces.
You spent 122 gold pieces at shops.

Inventory:

Hand Weapons
 t - a +3 whip of electrocution
 S - a +4 broad axe (weapon)
Missiles
 P - 4 silver javelins (quivered)
Armour
 c - a +0 buckler (worn)
 n - +0 acid dragon scales
 o - a +0 pair of boots (worn)
 x - a +0 troll leather armour (worn)
 F - a +0 scale mail of cold resistance
 M - a +2 cloak (worn)
 N - a +1 leather armour of poison resistance
 X - the +0 helmet of Xuigotiu (worn) {Int+8}
   (You found it in a Gauntlet)

   Int:       It affects your intelligence (+8).
Magical Staves
 a - a staff of air
 g - a staff of cold
Jewellery
 y - an amulet of regeneration (around neck)
 A - a +4 ring of protection (right hand)
 T - a ring of ice
 U - the ring of Biteriat (left hand) {rF++ rC+ MP+9}
   (You found it in a Gauntlet)

   [ring of protection from cold]

   rF:        It greatly protects you from fire.
   rC:        It protects you from cold.
   MP:        It affects your magic capacity (+9).
 Z - a ring of wizardry
Wands
 e - a wand of iceblast (1)
 f - a wand of paralysis (4)
 q - a wand of flame (2)
 z - a wand of quicksilver (4)
 V - a wand of polymorph (6)
Scrolls
 b - a scroll of summoning {unknown}
 i - a scroll of vulnerability {unknown}
 j - 2 scrolls of blinking
 k - 2 scrolls of enchant armour
 l - a scroll of amnesia
 w - a scroll of poison
 C - a scroll of silence {unknown}
 D - a scroll of immolation
 G - 2 scrolls of magic mapping
 J - 4 scrolls of teleportation
 K - 2 scrolls of butterflies {unknown}
 O - 2 scrolls of fear {unknown}
Potions
 d - 2 potions of might
 h - 4 potions of magic
 m - 3 potions of curing
 p - a potion of heal wounds
 r - 3 potions of cancellation
 s - 3 potions of brilliance
 v - a potion of haste
 B - 2 potions of flight
 E - 3 potions of resistance
 I - 3 potions of lignification
 L - 2 potions of ambrosia
Miscellaneous
 H - a phial of floods
 W - a phantom mirror


   Skills:
 + Level 10.4 Fighting
 - Level 17.0(18.0) Axes
 - Level 10.6(15.7) Maces & Flails
 - Level 5.0 Throwing
 + Level 10.8 Armour
 + Level 10.0 Dodging
 + Level 10.8 Shields
 + Level 10.8 Invocations
 + Level 10.0 Evocations


You had 15 spell levels left.
You didn't know any spells.
Your spell library contained the following spells:

 Spells                   Type           Power      Damage    Failure   Level
 Summon Small Mammal      Summ           0%         N/A       32%         1
 Static Discharge         Conj/Air       0%         3-3/arc   43%         2
 Call Canine Familiar     Summ           0%         N/A       67%         3
 Confusing Touch          Hex            0%         N/A       67%         3
 Conjure Flame            Conj/Fire      0%         6-21      67%         3
 Ignite Poison            Fire/Tmut/Pois 0%         N/A       67%         3
 Summon Guardian Golem    Hex/Summ       0%         N/A       67%         3
 Dispel Undead            Necr           0%         3d6       97%         4
 Sticky Flame             Conj/Fire      0%         2d3       97%         4
 Yara's Violent Unravell  Hex/Tmut       0%         3d3       100%        5
 Enfeeble                 Hex            0%         N/A       100%        7


Dungeon Overview and Level Annotations

Branches:
Dungeon (13/15) Zot: 1860  Temple (1/1) D:4 Zot: 469    Lair (3/5) D:9 Zot: 518
 Shoals (0/4) Lair:3        Snake (0/4) Lair:2          Orc (2/2) D:12 Zot: 68
    Elf (3/3) Orc:2 Zot: 972 Gauntlet (visited)
 Vaults: D:13-14

Altars:
Ashenzari
Cheibriados
Dithmenos
Elyvilon
Fedhas
Gozag
Hepliaklqana
Kikubaaqudgha
Makhleb
Nemelex Xobeh
Okawaru
Qazlal
Ru
Sif Muna
Trog
Uskayaw
Vehumet
Wu Jian
Xom
Yredelemnul
Zin
The Shining One

Shops:
D:3 !   D:8 =   Orc:2 [([:

Annotations:
D:8 1 transporter


Innate Abilities, Weirdness & Mutations

You passively map the area around you.
You are easily found by Zot.
You glow in the dark.
You regain HP and MP as you explore.


Message History

The deep elf elementalist is severely wounded.
The deep elf elementalist barely misses you.
A deep elf elementalist comes into view.
It is wielding a +0 long sword.
You slash the deep elf elementalist!
The deep elf elementalist is almost dead.
The deep elf elementalist hits you but does no damage.
You hit the deep elf elementalist.
The deep elf elementalist is almost dead.
A deep elf demonologist comes into view.
It is wielding a +0 rapier.
The deep elf elementalist hits you with a +0 short sword.
You completely miss the deep elf elementalist.
The deep elf elementalist is almost dead.
You block the deep elf elementalist's attack.
The deep elf elementalist casts a spell at the stone wall.
You hear rumbling.
You hear a shout!
You hit the deep elf elementalist.
You kill the deep elf elementalist!
The deep elf elementalist mumbles some strange words.
The deep elf elementalist seems to speed up.
A deep elf elementalist comes into view.
It is wielding a +0 long sword.
Your Dodging skill increases to level 10!
Your Evocations skill increases to level 10!
You hit the deep elf annihilator but do no damage.
Your divine shield is renewed.
The deep elf annihilator casts a spell at you.
The iron shot misses you.
The deep elf elementalist casts a spell.
The deep elf elementalist seems to speed up.
You hear a shout! x2
You slash the deep elf annihilator!
The deep elf annihilator is moderately wounded.
The deep elf annihilator casts a spell at you.
The iron shot hits you!!!
* * * LOW HITPOINT WARNING * * *
As you read the scroll of teleportation, it crumbles to dust.
You feel strangely unstable.
The deep elf demonologist mumbles some strange words.
The deep elf annihilator points at you and mumbles some strange words.
The crystal spear hits you!!!
You die...

..#'#########+#############+#####
.##......+.........)#..(.....#...
##.......#.........)'.)......'...
#........#.........)#........#...
...#############.################
...# #.# * ...# * #.# ...# , #.#
, +### , * #@# , ...# ,*,,, #e#
** , ...# #e# , ...#* * , ,


.ee * ...# ,, , ,.4.E. , * , , ...# , ,,* .e..... , * ...# ,,, ,*......... ,,*
...# , ,, ........... , ...#* , , ............. ,* You could see 2 deep elf
annihilators, 2 deep elf elementalists, a deep elf demonologist, an earth
elemental and a chaos spawn (summoned).

Vanquished Creatures
  A deep elf elementalist (Elf:3)
  A deep elf annihilator (Elf:3)
  A minotaur (Gauntlet)
  An ettin (Orc:2)
  A deep elf death mage (Elf:3)
  A hydra (D:12)
  3 two-headed ogres
  5 dancing weapons
  An ogre mage (Orc:2)
  2 death scarabs (Gauntlet)
  A hell hog (Gauntlet)
  5 deep elf knights
  3 orc high priests
  3 deep elf archers
  3 spectral hydras (Gauntlet)
  A steelbarb worm (Orc:2)
  4 orc knights
  10 deep elf pyromancers
  11 deep elf zephyrmancers
  4 orc sorcerers (Orc:2)
  An oklob plant (Lair:1)
  A cyclops (D:12)
  2 ugly things
  4 elephants (Lair:2)
  Maurice (D:10)
  2 black mambas
  2 gargoyles
  Maggie (D:8)
  A demonic crawler (Lair:2)
  3 cane toads
  2 kobold demonologists (D:11)
  4 komodo dragons
  2 unseen horrors (D:12)
  6 trolls
  A wind drake (Elf:1)
  A hornet (D:10)
  9 blink frogs
  Prince Ribbit (Lair:1)
  5 slime creatures (D:12)
  Sigmund (D:4)
  A jumping spider (Elf:1)
  A wraith (D:9)
  A shadow (D:11)
  A fire elemental (Elf:1)
  34 yaks
  5 wyverns
  4 fire bats (Gauntlet)
  A spectral komodo dragon (Gauntlet)
  A steam dragon (D:6)
  Menkaure (D:5)
  2 wargs
  6 nagas (Lair:2)
  An acid dragon (D:10)
  3 hell hounds (Gauntlet)
  7 water moccasins
  33 orc warriors
  A black bear (D:5)
  7 ogres
  2 ice beasts (D:7)
  A sky beast (D:8)
  3 centaurs
  5 bullfrogs
  A gnoll sergeant (D:7)
  2 necrophages
  2 scorpions (D:7)
  7 killer bees
  2 electric eels
  2 hounds
  20 orc priests
  3 iguanas
  Natasha (D:2)
  20 orc wizards
  Robin (D:4)
  4 gnolls (D:7)
  9 adders
  A shadow imp (D:7)
  2 white imps
  An ufetubus (D:5)
  11 dart slugs
  90 orcs
  4 bats
  4 endoplasms
  3 giant cockroaches
  9 goblins
  8 hobgoblins
  6 jackals (D:1)
  2 ball pythons
  4 frilled lizards
  13 kobolds
  7 rats
472 creatures vanquished.

Vanquished Creatures (collateral kills)
  An orc warlord (Orc:2)
  A dancing weapon (Elf:1)
  2 orc high priests (Orc:2)
  A deep elf knight (Elf:1)
  3 deep elf pyromancers (Elf:1)
  3 deep elf zephyrmancers (Elf:1)
  A warg (Orc:2)
  7 orc warriors (Orc:2)
  An earth elemental (Elf:1)
  8 orc priests (Orc:2)
  An orc wizard (Orc:2)
  11 orcs (Orc:2)
40 creatures vanquished.

Vanquished Creatures (others)
  A deep elf pyromancer (Elf:1)
  A swamp worm (Elf:1)
  9 fungi
  15 plants
26 creatures vanquished.

Grand Total: 538 creatures vanquished

Notes
Turn   | Place    | Note
-------+----------+-------------------------------------------
     0 | D:1      | miscthings the Meteoran Fighter began the quest for the
                  | Orb.
     0 | D:1      | Reached XP level 1. HP: 19/19 MP: 2/2
    28 | D:1      | Found a faded altar of an unknown god.
   122 | D:1      | Reached skill level 3 in Axes
   122 | D:1      | Reached XP level 2. HP: 25/26 MP: 3/3
   234 | D:1      | Reached XP level 3. HP: 27/31 MP: 4/4
   333 | D:2      | Reached skill level 4 in Axes
   473 | D:2      | Noticed Natasha
   485 | D:2      | Killed Natasha
   486 | D:2      | Reached skill level 5 in Axes
   486 | D:2      | Reached XP level 4. HP: 12/38 MP: 5/5
   550 | D:2      | Reached XP level 5. HP: 16/45 MP: 6/6
   743 | D:3      | Reached skill level 6 in Axes
   811 | D:3      | Found Yvukk's Distillery.
   833 | D:3      | Bought a potion of heal wounds for 70 gold pieces
   991 | D:4      | Noticed Sigmund
  1010 | D:4      | Killed Sigmund
  1011 | D:4      | Reached skill level 7 in Axes
  1011 | D:4      | Reached XP level 6. HP: 45/51 MP: 7/7
  1042 | D:4      | Found a staircase to the Ecumenical Temple.
  1097 | D:4      | Reached XP level 7. HP: 57/57 MP: 8/8
  1107 | D:5      | Entered Level 5 of the Dungeon
  1128 | Temple   | Entered the Ecumenical Temple
  1253 | Temple   | Became a worshipper of the Shining One
  1281 | D:4      | Noticed Robin
  1284 | D:4      | Reached skill level 8 in Axes
  1288 | D:4      | Killed Robin
  1292 | D:4      | Noticed Menkaure
  1310 | D:5      | Killed Menkaure
  1499 | D:5      | Reached XP level 8. HP: 67/67 MP: 9/9
  1593 | D:5      | Reached skill level 5 in Maces & Flails
  2002 | D:6      | Found a blossoming altar of Fedhas.
  2002 | D:6      | Found a white marble altar of Elyvilon.
  2352 | D:7      | Gained mutation: You passively map the area around you.
                  | [Meteoran growth]
  2352 | D:7      | Reached XP level 9. HP: 73/73 MP: 10/10
  2635 | D:7      | Reached skill level 10 in Maces & Flails
  2840 | D:7      | Reached skill level 5 in Fighting
  2840 | D:7      | Reached skill level 1 in Dodging
  2840 | D:7      | Reached skill level 1 in Invocations
  2840 | D:7      | Reached skill level 1 in Evocations
  2864 | D:7      | Reached * piety under the Shining One
  3049 | D:8      | Found a shadowy altar of Dithmenos.
  3179 | D:8      | Reached XP level 10. HP: 81/81 MP: 12/12
  3195 | D:8      | Found Upuevvikh's Jewellery Shop.
  3200 | D:8      | Noticed Maggie
  3212 | D:8      | Killed Maggie
  3429 | D:7      | Reached skill level 5 in Shields
  3626 | D:8      | Reached skill level 5 in Armour
  3714 | D:8      | You fall into a shaft and drop 3 floors!
  3750 | D:10     | Entered Level 10 of the Dungeon
  3806 | D:8      | Found a transporter.
  3933 | D:9      | Noticed a two-headed ogre
  3943 | D:9      | Killed a two-headed ogre
  3954 | D:9      | Reached skill level 5 in Invocations
  3988 | D:9      | Reached XP level 11. HP: 91/91 MP: 15/15
  4012 | D:9      | Found a bloodstained altar of Trog.
  4124 | D:9      | Found a staircase to the Lair.
  4246 | D:10     | Identified the +1 robe of Inevitability {rCorr Str+2 Int-2}
  4288 | D:10     | Reached ** piety under the Shining One
  4314 | D:10     | Reached skill level 5 in Dodging
  4314 | D:10     | Reached skill level 5 in Evocations
  4487 | D:10     | Noticed a purple ugly thing
  4493 | D:10     | Killed a purple ugly thing
  4513 | D:10     | Noticed Maurice
  4514 | D:10     | Paralysed by Maurice for 4 turns
  4522 | D:10     | Killed Maurice
  4847 | D:11     | Noticed a rust devil
  4854 | D:11     | Noticed a sixfirhy
  4980 | D:11     | Noticed a deep elf pyromancer
  4992 | D:11     | Killed a deep elf pyromancer
  4993 | D:11     | Reached XP level 12. HP: 28/101 MP: 18/18
  5196 | D:11     | Found a stormy altar of Qazlal.
  5887 | D:12     | Noticed a deep elf pyromancer
  5910 | D:12     | Killed a deep elf pyromancer
  5911 | D:12     | Reached skill level 1 in Throwing
  6037 | D:12     | Found a staircase to the Orcish Mines.
  6040 | D:12     | Noticed a five-headed hydra
  6042 | D:12     | Found Osteseen's Weapon Emporium.
  6053 | D:12     | Killed a five-headed hydra
  6143 | Orc:1    | Entered Level 1 of the Orcish Mines
  6143 | Orc:1    | Noticed an orc knight
  6166 | Orc:1    | Killed an orc knight
  6293 | Orc:1    | Reached *** piety under the Shining One
  6392 | Orc:1    | Found Bej West's CLEARANCE SALE!.
  6400 | Orc:1    | Bought a scroll of blinking for 37 gold pieces
  6400 | Orc:1    | Bought a scroll of teleportation for 15 gold pieces
  6767 | Lair:1   | Entered Level 1 of the Lair of Beasts
  6810 | Lair:1   | Reached XP level 13. HP: 98/108 MP: 20/20
  7065 | Lair:1   | Noticed a catoblepas
  7231 | Lair:1   | Noticed Prince Ribbit
  7249 | Lair:1   | Killed Prince Ribbit
  7505 | Lair:2   | Found a staircase to the Snake Pit.
  7578 | Lair:2   | Found a gate leading to a gauntlet.
  7585 | Gauntlet | Entered a Gauntlet
  7585 | Gauntlet | Found a transporter.
  7594 | Gauntlet | Found a transporter.
  7606 | Gauntlet | Noticed a death scarab
  7609 | Gauntlet | Noticed a death scarab
  7611 | Gauntlet | Found a transporter.
  7614 | Gauntlet | Found a transporter.
  7618 | Gauntlet | Noticed a hell hog
  7619 | Gauntlet | Reached **** piety under the Shining One
  7631 | Gauntlet | Found a transporter.
  7644 | Gauntlet | Found a transporter.
  7652 | Gauntlet | Found a transporter.
  7655 | Gauntlet | Found a transporter.
  7680 | Gauntlet | Found a transporter.
  7688 | Gauntlet | Found a transporter.
  7688 | Gauntlet | Found a transporter.
  7696 | Gauntlet | Found a transporter.
  7837 | Gauntlet | Reached skill level 5 in Throwing
  7838 | Gauntlet | Killed a death scarab
  7864 | Gauntlet | Killed a death scarab
  7878 | Gauntlet | Identified the ring of Biteriat {rF++ rC+ MP+9}
  7933 | Gauntlet | Reached skill level 10 in Shields
  7982 | Gauntlet | Identified the +0 helmet of Xuigotiu {Int+8}
  8003 | Gauntlet | Killed a hell hog
  8004 | Gauntlet | Reached skill level 10 in Armour
  8084 | Gauntlet | Noticed a minotaur
  8120 | Gauntlet | Killed a minotaur
  8127 | Gauntlet | Identified the amulet "Weimo" {RegenMP +Blink rF- Str+3
                  | Dex+3}
  8127 | Gauntlet | Identified the +3 scimitar of Fimbulwinter {vorpal, Will+
                  | Int+2}
  8171 | Lair:2   | Reached skill level 10 in Invocations
  8201 | Lair:2   | Reached XP level 14. HP: 18/119 MP: 22/22
  8299 | Lair:2   | Identified the +5 spear of Impatience {speed, rElec Stlth+}
  8513 | Lair:3   | Found a staircase to the Shoals.
  8623 | Lair:3   | Reached skill level 10 in Fighting
  8925 | Orc:2    | Entered Level 2 of the Orcish Mines
  8944 | Orc:2    | Reached ***** piety under the Shining One
  9082 | Orc:2    | Found Zuam's Book Boutique.
  9088 | Orc:2    | Reached skill level 9 in Axes
  9133 | Orc:2    | Found Ucsiliam's Armour Shop.
  9321 | Orc:2    | Reached skill level 10 in Axes
  9468 | Orc:2    | Reached skill level 11 in Axes
  9579 | Orc:2    | Noticed an ettin
  9596 | Orc:2    | Killed an ettin
  9678 | Orc:2    | Noticed an orc warlord
  9695 | Orc:2    | Reached skill level 12 in Axes
  9697 | Orc:2    | Glimpsed the power of Zot.
  9722 | Orc:2    | Killed an orc warlord
  9752 | Orc:2    | Found Anip's Armour Shop.
  9765 | Orc:2    | Glimpsed the power of Zot.
  9790 | Orc:2    | Found Vaucedaz's Antique Weapon Boutique.
  9807 | Orc:2    | Glimpsed the power of Zot.
  9817 | Orc:2    | Touched by the power of Zot.
  9825 | Orc:2    | Reached skill level 13 in Axes
  9865 | Orc:2    | Reached XP level 15. HP: 86/93 MP: 23/23
  9928 | Orc:2    | Glimpsed the power of Zot.
  9931 | Orc:2    | Found a staircase to the Elven Halls.
  9950 | Elf:1    | Entered Level 1 of the Elven Halls
 10061 | Elf:1    | Reached skill level 14 in Axes
 10132 | Elf:1    | Reached skill level 15 in Axes
 10325 | Elf:1    | Reached skill level 16 in Axes
 10445 | Elf:1    | Reached skill level 17 in Axes
 10498 | Elf:1    | Glimpsed the power of Zot.
 10568 | Elf:3    | Entered Level 3 of the Elven Halls
 10777 | Elf:3    | Reached XP level 16. HP: 104/135 MP: 25/25
 10841 | Elf:3    | Reached skill level 10 in Dodging
 10841 | Elf:3    | Reached skill level 10 in Evocations
 10844 | Elf:3    | Killed from afar by a deep elf annihilator

Illustrated notes

Levels and vault maps discovered:
D:1:      scummos_arrival_forest, layout_basic,
          dreamdust_ecumenical_altar_grove, minmay_misc_feat_chi
D:2:      layout_loops_ring, uniq_natasha
D:3:      layout_basic, serial_shops, shop
D:4:      kennysheep_slugbush, layout_rooms, minmay_temple_entry_from_below_a,
          gammafunk_ghost_nasty_kobolds, minmay_between, uniq_sigmund,
          uniq_robin, uniq_menkaure
D:5:      layout_gridville
D:6:      layout_gridville, grunt_temple_overflow_open
D:7:      layout_rooms
D:8:      layout_basic, grunt_dithmenos_smoke, roderic_serpentine_path,
          minmay_shop_enchanted_jewellery, nicolae_diode_basic, uniq_maggie
D:9:      layout_cave_pools, mainiacjoe_overflow_chevrons, lair_entry_dummy
D:10:     layout_roguey, chequers_garden, uniq_maurice
D:11:     layout_basic, grunt_qazlal_clouds
D:12:     layout_grid_maze, orc_david_3
D:13:     layout_big_octagon, uniq_erolcha
Temple:   regret_index_temple_chain_breaker
Lair:1:   layout_chaotic_city, infiniplex_staircase_pool, serial_bayou_shore_b,
          uniq_prince_ribbit2
Lair:2:   layout_misc_corridors, minmay_snake_entry_guardpost_medium,
          gauntlet_entry_generic, worms_lemuel
Lair:3:   layout_loops_ring, shoals_dummy_entry
Orc:1:    layout_caves, nicolae_shop_clearance
Orc:2:    pubby_orc_utopia
Elf:1:    minmay_elf_arrival_summoners, layout_loops_corners, serial_shops,
          shop, hangedman_elven_crosses_minicolossus
Elf:2:    nicolae_elf_blades_splatter_lattice [nicolae_blade_tridents],
          layout_loops_cross, special_room [special_room_orc], serial_sigils,
          serial_sigils_hangedman_confine, serial_sigils_hangedman_quiver,
          serial_shops, shop, shop, drop_trap, nicolae_elf_hall_of_bonks
Elf:3:    elf_hall, layout_geoelf_castle,
          nicolae_elf_vaults_five_recruitment_drive

Skill      XL: |  1  2  3  4  5  6  7  8  9 10 11 12 13 14 15 16 |
---------------+-------------------------------------------------+-----
Axes           | 3 5 7 8 13 17 | 17.0
Fighting       | 4 5 6 7 8 9 10 | 10.4
Maces & Flails | 4 8 10 | 10.6
Dodging        | 2 4 6 7 9 10 | 10.0
Invocations    | 2 5 7 8 10 | 10.8
Evocations     | 2 4 6 7 9 10 | 10.0
Shields        | 4 6 7 9 10 | 10.8
Armour         | 4 6 7 8 10 | 10.8
Throwing       | 3 5 |  5.0

Action                   |  1- 3 |  4- 6 |  7- 9 | 10-12 | 13-15 | 16-18 || total
-------------------------+-------+-------+-------+-------+-------+-------++-------
Melee: War axe           |    59 |   109 |    18 |       |       |       ||   186
       Whip              |       |       |   221 |   699 |  1011 |       ||  1931
       Broad axe         |       |       |       |       |   218 |    28 ||   246
Throw: Javelin           |       |       |       |       |       |     1 ||     1
Invok: Divine Shield     |       |       |       |     1 |    10 |     2 ||    13
       Summon Divine War |       |       |       |       |     2 |       ||     2
Evoke: Wand              |       |     4 |     8 |    19 |    11 |       ||    42
       Phial of floods   |       |       |       |       |     1 |       ||     1
  Use: Potion            |       |     1 |     1 |       |     3 |       ||     5
       Scroll            |       |     1 |     6 |    10 |    13 |     1 ||    31
Armor: Scale mail        |    31 |    69 |    90 |       |       |       ||   190
       Steam dragon scal |       |       |    32 |     1 |       |       ||    33
       Acid dragon scale |       |       |       |   143 |   101 |       ||   244
       Leather armour    |       |       |       |       |    97 |       ||    97
       Troll leather arm |       |       |       |       |    87 |     3 ||    90
Dodge: Dodged            |    21 |    42 |   101 |   274 |   460 |     5 ||   903
Block: Buckler           |    13 |    19 |    84 |   191 |   411 |     7 ||   725

Table legend: (Time is in decaauts)
 A = Elapsed time spent in this place.
 B = Non-inter-level travel time spent in this place.
 C = Inter-level travel time spent in this place.
 D = Time resting spent in this place.
 E = Time spent auto-exploring this place.
 F = Levels seen in this place.
 G = Mean time per level.
                   A        B        C        D        E       F      G
               +--------+--------+--------+--------+--------+-----+--------+
         Total |   9991 |   9287 |    704 |    180 |   3187 |  23 |  434.4 |
       Dungeon |   5940 |   5365 |    575 |    100 |   2089 |  13 |  456.9 |
        Temple |    130 |    126 |      4 |      0 |     97 |   1 |  130.0 |
          Lair |   1281 |   1214 |     67 |      0 |    347 |   3 |  427.0 |
  Orcish Mines |   1332 |   1299 |     33 |      0 |    300 |   2 |  666.0 |
   Elven Halls |    826 |    802 |     24 |      0 |    210 |   3 |  275.3 |
      Gauntlet |    479 |    479 |      0 |     80 |    144 |   1 |  479.0 |
               +--------+--------+--------+--------+--------+-----+--------+

Top non-repeatable levels by time:
    D:11: 875 daAuts
   Orc:2: 862 daAuts
     D:8: 731 daAuts
     D:6: 657 daAuts
   Elf:1: 540 daAuts
     D:5: 537 daAuts
    D:12: 533 daAuts
    D:10: 505 daAuts
  Lair:1: 490 daAuts
Gauntlet: 479 daAuts
   Orc:1: 469 daAuts
  Lair:2: 417 daAuts
     D:9: 388 daAuts
  Lair:3: 373 daAuts
     D:2: 372 daAuts
